 Dungeon Crawl Stone Soup version 0.28.0-53-g5a82cb258f (webtiles) character file.

Game seed: 11861409768911392325

776 Icepheonix32 the Changer (level 7, -13/72 HPs)
             Began as a Merfolk Transmuter on June 6, 2022.
             Killed from afar by Dowan (14 damage)
             ... with a stone arrow
             ... on level 5 of the Dungeon.
             The game lasted 00:05:38 (5390 turns).

Icepheonix32 the Changer (Merfolk Transmuter)       Turns: 5390, Time: 00:05:39

Health: -13/72     AC: 23    Str:  8    XL:     7   Next: 84%
Magic:  8/10       EV:  2    Int: 15    God:
Gold:   132        SH:  0    Dex: 20    Spells: 0/10 levels left

rFire   + + +      SeeInvis .   h - +9 hunting sling of Fedhas's Supremacy {venom, rF+++ rC- Str-2 Stlth+}
rCold   x . .      Faith    .   (no shield)
rNeg    . . .      Spirit   .   (armour currently unavailable)
rPois   +          Reflect  .   (helmet currently unavailable)
rElec   .          Harm     .   (cloak currently unavailable)
rCorr   .          Rampage  .   (gloves currently unavailable)
Will    .....      NoTele   +   (boots currently unavailable)
Stlth   +++.......              (no amulet)
HPRegen 0.22/turn               b - +6 ring of dexterity
MPRegen 0.12/turn               (no ring)

@: tree-form, attractive, hasted, very quick
A: stationary, stasis, torment immunity, boosted hp, (nimble swimmer 2),
(mertail)
a: no special abilities


You were on level 5 of the Dungeon.
You were a tree.
You visited 1 branch of the dungeon, and saw 5 of its levels.

You collected 132 gold pieces.

Inventory:

Hand Weapons
 c - a +0 dagger
 e - a +0 spear
 h - the +9 hunting sling of Fedhas's Supremacy (weapon) {venom, rF+++ rC- Str-2 Stlth+}
   (You found it on level 2 of the Dungeon)

   Any ammunition fired from it poisons the flesh of those it strikes.
   Str:       It affects your strength (-2).
   rF:        It renders you almost immune to fire.
   rC:        It makes you vulnerable to cold.
   Stlth:     It makes you more stealthy.
Missiles
 m - 28 sling bullets (quivered ammo)
Armour
 a - a +0 robe (melded)
 g - a +0 pair of gloves (melded)
 t - a +0 leather armour
Jewellery
 b - a +6 ring of dexterity (left branch)
Scrolls
 d - 3 scrolls of identify {unknown}
 f - 2 scrolls of enchant armour {unknown}
 i - a scroll of teleportation {unknown}
 k - a scroll of fog {unknown}
 o - a scroll of torment {unknown}
 p - a scroll of vulnerability {unknown}
 r - a scroll of magic mapping {unknown}
Potions
 l - 2 potions of lignification
 n - a potion of haste
 q - a potion of curing {unknown}
 s - a potion of magic {unknown}


   Skills:
 - Level 1.1 Fighting
 + Level 3.3 Slings
 + Level 4.1 Dodging
 + Level 2.6 Stealth
 * Level 5.9 Unarmed Combat
 - Level 2.0 Spellcasting
 * Level 6.4 Transmutations


You couldn't memorise any spells.
You knew the following spells:

 Your Spells              Type           Power      Damage    Failure   Level
a - Beastly Appendage     Tmut           40%        N/A       1%          1
b - Wereblood             Tmut           20%        N/A       2%          2
c - Spider Form           Tmut/Pois      11%        N/A       19%         3
d - Ice Form              Ice/Tmut       11%        N/A       52%         4

Your spell library contained the following spells:

 Spells                   Type           Power      Damage    Failure   Level
 Petrify                  Tmut/Erth      11%        N/A       52%         4
 Ozocubu's Armour         Ice            1%         N/A       54%         3
 Tukima's Dance           Hex            1%         N/A       54%         3
 Yara's Violent Unravell  Hex/Tmut       5%         3d4       86%         5
 Passage of Golubria      Tloc           1%         N/A       91%         4
 Metabolic Englaciation   Hex/Ice        0%         N/A       99%         5
 Simulacrum               Ice/Necr       0%         N/A       100%        6
 Statue Form              Tmut/Erth      7%         N/A       100%        6


Dungeon Overview and Level Annotations

Branches:
Dungeon (5/15)
 Temple: D:4-7

Altars:
Trog

Annotations:
D:5 Dowan


Innate Abilities, Weirdness & Mutations

You are a tree.
Your roots penetrate the ground, keeping you stationary.
You cannot be teleported.
You are immune to unholy pain and torment.
Your maximum health is greatly increased.
Your equipment is partially melded.
((You are very nimble when in or above water. (Stealth+, EV+, Speed+++)))
((Your lower body shifts to a powerful aquatic tail in water.))


Message History

Dowan is heavily wounded.
Dowan points at you and mumbles some strange words.
The stone arrow hits you!!
* * * LOW HITPOINT WARNING * * *
Dowan hits you with a +0 dagger.
* * * LOW HITPOINT WARNING * * *
It was a potion of lignification.
Your transformation has ended.
The +9 hunting sling of Fedhas's Supremacy {venom, rF+++ rC- Str-2 Stlth+} unmelds from your body.
Your +0 pair of gloves unmelds from your body.
Your +0 robe unmelds from your body.
The +9 hunting sling of Fedhas's Supremacy {venom, rF+++ rC- Str-2 Stlth+} begins to drip with poison!
You turn into a tree.
Your +0 pair of gloves melds into your body.
Your +0 robe melds into your body.
Your roots penetrate the ground.
Dowan barely misses you.
Unknown command.
Really attack while wielding the +9 hunting sling of Fedhas's Supremacy {venom, rF+++ rC- Str-2 Stlth+}? [Y]es or [N]o only, please.
Really attack while wielding the +9 hunting sling of Fedhas's Supremacy {venom, rF+++ rC- Str-2 Stlth+}?
Okay, then.
Fire: 29 sling bullets
Press: ? - help, Q - select action, (/) - cycle Shift-Dir - straight line, f - Dowan
Aim: Dowan, wielding a +0 dagger and wearing a +0 robe (heavily wounded, fast, very poisoned, 64% to hit)
You shoot a sling bullet. The sling bullet barely misses Dowan.
The sling bullet closely misses the scorpion.
Dowan hits you with a +0 dagger.
* * * LOW HITPOINT WARNING * * *
Dowan hits you with a +0 dagger.
* * * LOW HITPOINT WARNING * * *
Unknown command.
It was a potion of attraction.
You feel attractive to monsters. Dowan hits you with a +0 dagger.
* * * LOW HITPOINT WARNING * * *
Unknown command.
It was a potion of haste.
You feel yourself speed up. Dowan gestures at you while chanting.
The stone arrow hits you!
You die...

#######.# ###.#
.....##.####...######
#................# .
##.#####(#.######.#
$. ##..# #.#.# ###.##
..( #...# #.#.#
#....# ..<. #...#
#.#.# #.#.##
.....##.#.#####.#.#
#.###
.....(....se♣...#.#
#.#
...###....###.##.#
#.#
e.e.....###.......#
#.# ..(####.#
#....##.# #.#
###..###.#####.# #.#
........######.# #.#
...............####.#
###.##########....#)#
#. ##......#


You could see Dowan (fast, poisoned) and a scorpion.

Vanquished Creatures
  Eustachio (D:5)
  Duvessa (D:5)
  2 ogres (D:4)
  A necrophage (D:4)
  A hound (D:4)
  2 iguanas
  A hound zombie (D:5)
  A hound skeleton (D:4)
  6 gnolls
  4 adders
  A white imp (D:4)
  An ufetubus (D:4)
  2 worms
  A dart slug (D:1)
  4 orcs
  7 ball pythons
  3 endoplasms
  5 giant cockroaches
  A goblin (D:4)
  9 hobgoblins
  3 quokkas
  9 bats
  4 frilled lizards
  3 kobolds
  3 rats
76 creatures vanquished.

Notes
Turn   | Place    | Note
-------+----------+-------------------------------------------
     0 | D:1      | Icepheonix32 the Merfolk Transmuter began the quest for the
                  | Orb.
     0 | D:1      | Reached XP level 1. HP: 15/15 MP: 3/3
   464 | D:1      | Reached skill level 3 in Transmutations
   468 | D:1      | Reached XP level 2. HP: 19/21 MP: 3/5
  1095 | D:2      | Identified the +9 hunting sling of Fedhas's Supremacy
                  | {venom, rF+++ rC- Str-2 Stlth+}
  1131 | D:2      | Found a faded altar of an unknown god.
  1138 | D:2      | Found a bloodstained altar of Trog.
  1147 | D:2      | Reached XP level 3. HP: 26/26 MP: 4/6
  1327 | D:2      | Reached skill level 4 in Transmutations
  2096 | D:2      | Reached XP level 4. HP: 13/32 MP: 7/7
  2310 | D:2      | Learned a level 2 spell: Wereblood
  2314 | D:2      | Learned a level 3 spell: Spider Form
  2477 | D:3      | Reached skill level 1 in Stealth
  2794 | D:3      | Reached XP level 5. HP: 12/37 MP: 8/8
  3084 | D:3      | Reached skill level 5 in Transmutations
  4270 | D:4      | Reached XP level 6. HP: 43/43 MP: 9/9
  4536 | D:4      | Reached skill level 5 in Unarmed Combat
  4639 | D:4      | Reached skill level 1 in Slings
  4966 | D:4      | Noticed a necrophage
  4970 | D:4      | Killed a necrophage
  5123 | D:4      | Reached skill level 6 in Transmutations
  5123 | D:4      | Reached XP level 7. HP: 48/48 MP: 10/10
  5128 | D:4      | Learned a level 4 spell: Ice Form
  5249 | D:5      | Entered Level 5 of the Dungeon
  5293 | D:5      | Noticed Eustachio
  5299 | D:5      | Killed Eustachio
  5368 | D:5      | Noticed Duvessa
  5368 | D:5      | Noticed Dowan
  5382 | D:5      | Killed Duvessa
  5389 | D:5      | HP: 1/72 [Dowan/+0 dagger (4)]
  5390 | D:5      | Killed from afar by Dowan

Illustrated notes

Levels and vault maps discovered:
D:1:      eino_arrival_water_star, layout_loops_cross
D:2:      layout_basic, basic_ecumenical_altar, basic_altar
D:3:      layout_loops_ring, kennysheep_big_empty_room, st_stairs_5
D:4:      layout_basic, kennysheep_generic_room_14
D:5:      layout_loops_ring, yredelemnul_altar_generic,
          nicolae_overflow_crystal_walls, uniq_eustachio, uniq_prince_ribbit1,
          uniq_duvessa

Skill      XL: |  1  2  3  4  5  6  7 |
---------------+----------------------+-----
Transmutations | 3 4 5 6 |  6.4
Dodging        | 3 4 |  4.1
Unarmed Combat | 4 5 |  5.9
Stealth        | 1 2 |  2.6
Slings         | 2 3 |  3.3
Fighting       | |  1.1
Spellcasting   | |  2.0

Action                   |  1- 3 |  4- 6 |  7- 9 || total
-------------------------+-------+-------+-------++-------
Melee: Unarmed           |    86 |    65 |     8 ||   159
       Headbutt          |    17 |    12 |       ||    29
       Punch             |     3 |     2 |       ||     5
 Fire: Hunting sling     |       |    47 |    18 ||    65
 Cast: Beastly Appendage |    22 |    12 |       ||    34
       Spider Form       |       |       |     1 ||     1
  Use: Potion            |     1 |       |     3 ||     4
 Stab: Sleeping          |     1 |     3 |       ||     4
Armor: Robe              |    23 |     3 |       ||    26
Dodge: Dodged            |    61 |    37 |     9 ||   107
